 Dungeon Crawl Stone Soup version 0.21.1-1-g345015f (webtiles) character file.

235 inc the Conjurer (level 5, 21/21 HPs)
             Began as a Felid Wizard on Feb 27, 2018.
             Quit the game on level 5 of the Dungeon.
             The game lasted 00:06:46 (4017 turns).

inc the Conjurer (Felid Wizard)                     Turns: 4017, Time: 00:06:46

Health: 21/21      AC:  2    Str:  3    XL:     5   Next: 76%
Magic:  10/10      EV: 17    Int: 22    God:
Gold:   154        SH:  0    Dex: 14    Spells: 3/10 levels left
                                        Lives:  0   Deaths: 1

rFire    . . .     SeeInvis +   (weapon unavailable)
rCold    . . .     Gourm    .   (shield unavailable)
rNeg     . . .     Faith    .   (armour unavailable)
rPois    .         Spirit   .   (helmet unavailable)
rElec    .         Reflect  .   (cloak unavailable)
rCorr    .         Harm     .   (gloves unavailable)
MR       .....                  (boots unavailable)
Stlth    +++.......             i - amulet of inaccuracy (curse)
HPRegen  0.07/turn              (no ring)
MPRegen  0.12/turn              (no ring)

@: quick
A: very small, no armour, no weapons or thrown items, stealth, claws 1, fangs 3,
see invisible, carnivore, speed 1, shaggy fur 2, slow metabolism 1, sharp paws
a: no special abilities


You were on level 5 of the Dungeon.
You were not hungry.

You visited 1 branch of the dungeon, and saw 5 of its levels.

You collected 154 gold pieces.

Inventory:

Jewellery
 i - a cursed amulet of inaccuracy (around neck)
Wands
 k - a wand of scattershot (7)
 l - a wand of enslavement (17)
Scrolls
 j - 2 scrolls of remove curse {unknown}
 m - a scroll of identify {unknown}
 n - a scroll of blinking {unknown}
 o - a scroll of teleportation {unknown}
Potions
 c - a potion of resistance {unknown}
 d - a potion of cancellation {unknown}
 e - a potion of lignification {unknown}
 f - a potion of brilliance
 g - a potion of ambrosia {unknown}
 h - a potion of degeneration {unknown}
Books
 a - a book of Minor Magic

   Spells                             Type                      Level
   a - Magic Dart                     Conjuration                  1
   b - Blink                          Translocation                2
   c - Call Imp                       Summoning                    2
   d - Slow                           Hexes                        2
   e - Conjure Flame                  Conjuration/Fire             3
   f - Mephitic Cloud                 Conjuration/Poison/Air       3
Comestibles
 b - 6 rations


   Skills:
 - Level 2.6 Dodging
 - Level 2.6 Stealth
 - Level 3.0 Spellcasting
 + Level 6.5 Conjurations
   Level 1.0 Summonings
   Level 1.5 Translocations


You had 3 spell levels left.
You knew the following spells:

 Your Spells              Type           Power        Failure   Level  Hunger
a - Magic Dart            Conj           ####         1%          1    None
b - Conjure Flame         Conj/Fire      ###.....     10%         3    ###....
c - Mephitic Cloud        Conj/Pois/Air  ##......     16%         3    ###....


Dungeon Overview and Level Annotations

Branches:
Dungeon (5/15)
 Temple: D:4-7

Altars:
Ashenzari
Dithmenos
Hepliaklqana
Nemelex Xobeh
Ru
Wu Jian

Annotations:
D:3 Grinder


Innate Abilities, Weirdness & Mutations

You cannot wear armour.
You are incapable of wielding weapons or throwing items.
Your paws allow you to move quietly. (Stealth)
You have sharp claws.
You have razor-sharp teeth.
You have supernaturally acute eyesight. (SInv)
You are carnivorous and can eat meat at any time.
You cover ground quickly.
You are covered in thick fur. (AC +2)
You have a slow metabolism.
Your sharp claws are effective at attacking unaware monsters.


Message History

Casting: Magic Dart
Confirm with . or Enter, or press ? or * to list all spells.
Aiming: Magic Dart
Press: ? - help, Shift-Dir - straight line, f/p - water moccasin
Aim: a water moccasin (almost dead)
The magic dart hits the water moccasin.
The water moccasin is almost dead.
* * * LOW HITPOINT WARNING * * *
You feel sick. The water moccasin barely misses you.
The water moccasin bites you.
* * * LOW HITPOINT WARNING * * *
You are more poisoned.
The water moccasin poisons you!
It was a potion of brilliance.
You feel clever all of a sudden.
You die...
You feel sick. The water moccasin misses you.
You are now level 5!
You rejoin the land of the living...
Are you sure you want to abandon this character and quit the game? (Confirm with "yes".)

....+ .#### ##
# #########.#
#...@.....#
.....#########
... .


There were no monsters in sight!

Vanquished Creatures
  2 ogres
  A necrophage (D:5)
  A wight (D:3)
  Natasha (twice) (D:3)
  3 adders
  A shadow imp (D:3)
  A worm (D:3)
  2 dart slugs (D:1)
  A leopard gecko (D:1)
  2 ball pythons (D:1)
  8 bats
  6 giant cockroaches
  12 goblins
  6 hobgoblins
  9 kobolds
  3 frilled lizards
  12 rats
72 creatures vanquished.

Notes
Turn   | Place    | Note
-------+----------+-------------------------------------------
     0 | D:1      | inc the Felid Wizard began the quest for the Orb.
     0 | D:1      | Reached XP level 1. HP: 7/7 MP: 5/5
    75 | D:1      | Reached skill level 1 in Conjurations
   211 | D:1      | Reached XP level 2. HP: 11/11 MP: 1/7
   282 | D:1      | Reached skill level 2 in Conjurations
   761 | D:1      | Reached XP level 3. HP: 8/14 MP: 0/8
  1240 | D:1      | Reached skill level 3 in Conjurations
  2141 | D:2      | Reached XP level 4. HP: 18/18 MP: 6/9
  2473 | D:2      | Found a shadowy altar of Dithmenos.
  2513 | D:3      | Noticed Grinder
  2642 | D:3      | Noticed Natasha
  2654 | D:3      | Killed Natasha
  2654 | D:3      | Reached skill level 4 in Conjurations
  3004 | D:3      | Noticed Natasha
  3011 | D:3      | Killed Natasha
  3011 | D:3      | Reached XP level 5. HP: 17/21 MP: 4/10
  3154 | D:2      | Noticed an ogre
  3201 | D:2      | Killed an ogre
  3201 | D:2      | Reached skill level 5 in Conjurations
  3374 | D:3      | Gained mutation: You are covered in thick fur. (AC +2) [Felid growth]
  3374 | D:3      | Reached XP level 6. HP: 17/24 MP: 0/11
  3593 | D:5      | Entered Level 5 of the Dungeon
  3650 | D:5      | Reached skill level 6 in Conjurations
  3655 | D:5      | Learned a level 3 spell: Conjure Flame
  3659 | D:5      | Learned a level 3 spell: Mephitic Cloud
  3730 | D:5      | Found an ornate altar of the Wu Jian Council.
  3730 | D:5      | Found a sacrificial altar of Ru.
  3735 | D:5      | Found a hazy altar of Hepliaklqana.
  3737 | D:5      | Found a shattered altar of Ashenzari.
  3738 | D:5      | Found a sparkling altar of Nemelex Xobeh.
  4009 | D:5      | Noticed a water moccasin
  4016 | D:5      | Succumbed to a water moccasin's poison
  4017 | D:5      | Reached XP level 5. HP: 0/21 MP: 5/10
  4017 | D:5      | Quit the game

Skill      XL: |  1  2  3  4  5  6 |
---------------+-------------------+-----
Conjurations   | 1 2 3 4 5 6 |  6.5
Dodging        | |  2.6
Stealth        | |  2.6
Spellcasting   | |  3.0
Summonings     | |  1.0
Translocations | |  1.5

Action                   |  1- 3 |  4- 6 || total
-------------------------+-------+-------++-------
Melee: Unarmed           |     6 |       ||     6
 Cast: Magic Dart        |   107 |   131 ||   238
  Use: Scroll            |       |     1 ||     1
       Potion            |       |     1 ||     1
  Eat: Chunk             |     3 |     6 ||     9
Armor: Skin              |       |     1 ||     1
Dodge: Dodged            |    19 |    28 ||    47
